 Dungeon Crawl Stone Soup version 0.25-a0-166-g16436c4407 (webtiles) character file.

Game seed: 12255548396003389557, levelgen mode: deterministic

22525 Arum the Destroyer (level 12, -10/74 HPs)
             Began as a Demonspawn Fire Elementalist on Nov 24, 2019.
             Was an Elder of Vehumet.
             Mangled by a very large slime creature (60 damage)
             ... on level 12 of the Dungeon.
             The game lasted 00:39:56 (16557 turns).

Arum the Destroyer (Demonspawn Fire Elementalist)  Turns: 16557, Time: 00:39:56

Health: -10/74     AC:  7    Str:  9    XL:     12   Next: 63%
Magic:  21/37      EV: 14    Int: 21    God:    Vehumet [****..]
Gold:   860        SH:  0    Dex: 14    Spells: 16/35 levels left

rFire    . . .     SeeInvis .   v - +1 trident (venom)
rCold    + + .     Gourm    .   (no shield)
rNeg     . . .     Faith    .   U - +2 animal skin {rC+}
rPois    .         Spirit   .   (helmet restricted)
rElec    .         Reflect  .   g - +1 cloak
rCorr    .         Harm     .   H - +0 pair of gloves
MR       .....                  (no boots)
Stlth    ++........             (no amulet)
HPRegen  0.22/turn              x - ring of magical power
MPRegen  0.25/turn              K - ring of protection from cold

@: no status effects
A: horns 2, repulsion field 1, spiny 1
a: Renounce Religion


You were on level 12 of the Dungeon.
You worshipped Vehumet.
Vehumet was greatly pleased with you.
You were not hungry.

You visited 2 branches of the dungeon, and saw 13 of its levels.
You also visited: Ice Cave.

You collected 860 gold pieces.

Inventory:

Hand Weapons
 v - a +1 trident of venom (weapon)
 B - a +2 falchion of holy wrath
 R - a cursed -3 dagger
Missiles
 f - 11 javelins (quivered)
 r - 3 boomerangs of dispersal
Armour
 g - a +1 cloak (worn)
 H - a +0 pair of gloves (worn)
 U - a +2 animal skin of cold resistance (worn)
Jewellery
 a - a +2 ring of dexterity
 d - an uncursed ring of flight
 t - an uncursed ring of see invisible
 x - a ring of magical power (left hand)
 A - an uncursed ring of resist corrosion
 G - an uncursed amulet of regeneration
 K - a ring of protection from cold (right hand)
 N - an uncursed ring of protection from cold
 S - an uncursed ring of ice
Wands
 o - a wand of iceblast (5)
 q - a wand of polymorph (18)
 w - a wand of random effects (34)
 I - a wand of digging (3)
 J - a wand of scattershot (7)
Scrolls
 j - 9 scrolls of remove curse
 k - 5 scrolls of enchant weapon
 l - 12 scrolls of identify
 m - 5 scrolls of teleportation
 s - 4 scrolls of amnesia
 u - 4 scrolls of enchant armour
 y - 3 scrolls of fear
 P - a scroll of fog
 Q - a scroll of holy word {unknown}
Potions
 b - a potion of might {unknown}
 e - 5 potions of brilliance {unknown}
 h - 6 potions of haste {unknown}
 i - a potion of lignification {unknown}
 n - 6 potions of curing {unknown}
 p - 5 potions of heal wounds {unknown}
 z - 3 potions of resistance {unknown}
 C - a potion of flight {unknown}
 D - a potion of magic {unknown}
 E - 2 potions of ambrosia {unknown}
 F - a potion of invisibility {unknown}
 M - 3 potions of mutation {unknown}
 O - 2 potions of berserk rage {unknown}
Miscellaneous
 L - a fan of gales
 T - a crystal ball of energy
Comestibles
 c - 28 rations


   Skills:
 - Level 1.7 Dodging
 - Level 1.7 Stealth
 + Level 12.2 Spellcasting
 + Level 13.1 Conjurations
 + Level 9.7 Fire Magic


You had 16 spell levels left.
You knew the following spells:

 Your Spells              Type           Power        Failure   Level  Hunger
a - Flame Tongue          Conj/Fire      #####        1%          1    None
b - Sticky Flame          Conj/Fire      ######..     1%          4    None
c - Fireball              Conj/Fire      ######....   1%          5    ####...
d - Conjure Flame         Conj/Fire      ######..     1%          3    None
e - Mephitic Cloud        Conj/Pois/Air  ####....     1%          3    None
f - Ignite Poison         Fire/Tmut/Pois ####....     1%          3    None

Your spell library contained the following spells:

 Spells                   Type           Power        Failure   Level  Hunger
 Throw Flame              Conj/Fire      ######       1%          2    None
 Dazzling Spray           Conj/Hex       #####.       1%          3    None
 Inner Flame              Hex/Fire       ####....     1%          3    None
 Corona                   Hex            ##.....      5%          1    None
 Ensorcelled Hibernation  Hex/Ice        ##....       8%          2    None
 Confuse                  Hex            ##......     16%         3    None
 Tukima's Dance           Hex            ##......     16%         3    None


Dungeon Overview and Level Annotations

Branches:
Dungeon (12/15)            Temple (1/1) D:6            Lair (0/6) D:8
    Orc (0/2) D:9           IceCv (visited)

Altars:
Ashenzari
Cheibriados
Dithmenos
Elyvilon
Fedhas
Gozag
Hepliaklqana
Kikubaaqudgha
Makhleb
Nemelex Xobeh
Okawaru
Qazlal
Ru
Sif Muna
Trog
Uskayaw
Vehumet
Wu Jian
Xom
Yredelemnul
Zin
The Shining One


Innate Abilities, Weirdness & Mutations

You have a pair of horns on your head.
You are surrounded by a mild repulsion field. (EV +2)
You are partially covered in sharp spines.


Message History

Aiming: Flame Tongue (safe; 1% risk of failure)
Press: ? - help, Shift-Dir - straight line, f/p - very large slime creature
Aim: a very large slime creature (heavily wounded, covered in liquid flames)
The flame tongue hits the very large slime creature!
The very large slime creature is severely wounded.
The very large slime creature burns!
Casting: Flame Tongue (safe; 1% risk of failure)
Confirm with . or Enter, or press ? or * to list all spells.
Aiming: Sticky Flame (safe; 1% risk of failure)
Press: ? - help, Shift-Dir - straight line, f/p - very large slime creature
Aim: a very large slime creature (severely wounded, covered in liquid flames)
The sticky flame hits the very large slime creature.
The very large slime creature is severely wounded.
The very large slime creature is covered in liquid flames!
The very large slime creature burns!
The large slime creature is engulfed in blazing flames.
The very large slime creature is struck by your spines.
The very large slime creature hits you!!!
Ouch! That really hurt!
You die...

................######
.##########...........
#........'........... ##
#........#........... ...
#........#.......÷... ....
#........#..).....>.. .....
#........#...........
......####'#####..........^
......§J.J@...............^
......##################...
..... #... #### #... ####


You could see a very large slime creature (burning) and a large slime creature.

Vanquished Creatures
  A white draconian (IceCv)
  A hydra (D:9)
  2 tengu warriors (D:11)
  A death yak (IceCv)
  Nergalle (D:11)
  An ugly thing (D:11)
  A deep elf mage (D:10)
  A cyclops (D:11)
  An ice statue (IceCv)
  A rime drake (IceCv)
  A troll (D:9)
  11 polar bears (IceCv)
  2 dream sheep (D:9)
  3 hippogriffs
  Sigmund (D:2)
  40 yaks
  2 hungry ghosts
  6 orc warriors
  15 ice beasts
  3 sky beasts
  3 phantoms
  A black bear (D:6)
  A hornet zombie (D:9)
  6 ogres
  12 wolves (IceCv)
  4 centaurs
  A crocodile (D:10)
  7 big kobolds
  2 bullfrogs
  4 gnoll sergeants (D:9)
  6 scorpions
  5 killer bees (D:12)
  4 howler monkeys
  4 wights (D:6)
  3 electric eels (D:7)
  3 crimson imps
  A centaur zombie (D:7)
  A quasit (D:10)
  2 jellies
  4 hounds
  2 orc priests
  3 iguanas
  7 worker ants
  12 orc wizards
  A hound zombie (D:6)
  2 howler monkey skeletons (D:4)
  3 gnolls (D:9)
  14 adders
  3 shadow imps
  3 adder skeletons
  3 dart slugs
  A worm (D:3)
  4 leopard geckos
  43 orcs
  4 giant cockroaches
  4 goblins
  12 hobgoblins
  14 jackals
  5 quokkas
  A ball python skeleton (D:4)
  10 bats
  4 frilled lizards
  A jackal skeleton (D:6)
  12 kobolds
  10 rats
  A plant (D:7)
348 creatures vanquished.

Vanquished Creatures (others)
  A polar bear (IceCv)
  2 yaks (IceCv)
  A human (D:2)
  A wolf (IceCv)
  A jelly (D:3)
6 creatures vanquished.

Grand Total: 354 creatures vanquished

Notes
Turn   | Place    | Note
-------+----------+-------------------------------------------
     0 | D:1      | Arum the Demonspawn Fire Elementalist began the quest for
                  | the Orb.
     0 | D:1      | Reached XP level 1. HP: 13/13 MP: 3/3
   330 | D:1      | Gained mutation: You have a pair of small horns on your
                  | head. [demonic ancestry]
   330 | D:1      | Reached XP level 2. HP: 19/19 MP: 3/5
  1008 | D:1      | Gained mutation: You are surrounded by a mild repulsion
                  | field. (EV +2) [demonic ancestry]
  1008 | D:1      | Reached XP level 3. HP: 24/24 MP: 4/6
  1250 | D:2      | Reached skill level 2 in Conjurations
  1380 | D:2      | Noticed Sigmund
  1725 | D:2      | Found an ancient bone altar of Kikubaaqudgha.
  1831 | D:2      | Noticed a human
  1832 | D:2      | Killed a human
  1966 | D:2      | Reached XP level 4. HP: 29/30 MP: 1/8
  2052 | D:2      | Learned a level 4 spell: Sticky Flame
  2124 | D:2      | Killed Sigmund
  2124 | D:2      | Reached skill level 3 in Conjurations
  2124 | D:2      | Reached XP level 5. HP: 27/35 MP: 0/10
  2616 | D:3      | Learned a level 5 spell: Fireball
  2700 | D:3      | Reached XP level 6. HP: 41/41 MP: 8/11
  2932 | D:3      | Found a sparkling altar of Nemelex Xobeh.
  2933 | D:3      | Found an ornate altar of the Wu Jian Council.
  2934 | D:3      | Found a shadowy altar of Dithmenos.
  3835 | D:4      | Reached skill level 4 in Conjurations
  4051 | D:4      | Reached XP level 7. HP: 33/46 MP: 1/13
  4429 | D:4      | Reached skill level 5 in Fire Magic
  4896 | D:4      | Found a stormy altar of Qazlal.
  4905 | D:4      | Noticed a water elemental
  4910 | D:4      | Noticed a fire elemental
  4910 | D:4      | Noticed an air elemental
  5101 | D:5      | Entered Level 5 of the Dungeon
  5123 | D:5      | Reached skill level 5 in Conjurations
  5218 | D:5      | Reached skill level 5 in Spellcasting
  5868 | D:5      | Found a white marble altar of Elyvilon.
  6095 | D:5      | Gained mutation: You are partially covered in sharp spines.
                  | [demonic ancestry]
  6095 | D:5      | Reached XP level 8. HP: 46/52 MP: 12/16
  6340 | D:6      | Reached skill level 6 in Conjurations
  6888 | D:6      | Reached skill level 7 in Conjurations
  7093 | D:6      | Found a burning altar of Makhleb.
  7335 | D:6      | Found a staircase to the Ecumenical Temple.
  7355 | Temple   | Entered the Ecumenical Temple
  7398 | Temple   | Became a worshipper of Vehumet
  7633 | D:7      | Gained mutation: You have a pair of horns on your head.
                  | [demonic ancestry]
  7633 | D:7      | Reached XP level 9. HP: 57/57 MP: 13/19
  7766 | D:7      | Reached skill level 8 in Conjurations
  8388 | D:7      | Found a glowing golden altar of the Shining One.
  8388 | D:7      | Found a basalt altar of Yredelemnul.
  8390 | D:7      | Found a shattered altar of Ashenzari.
  8403 | D:7      | Found a hide-covered altar of Uskayaw.
  8404 | D:7      | Found a blossoming altar of Fedhas.
  8735 | D:8      | Reached skill level 9 in Conjurations
  8826 | D:8      | Found an iron altar of Okawaru.
  8874 | D:8      | Reached * piety under Vehumet
  8874 | D:8      | Offered knowledge of Shock by Vehumet.
  9300 | D:8      | Found a staircase to the Lair.
  9991 | D:9      | Found an opulent altar of Gozag.
 10185 | D:9      | Reached XP level 10. HP: 63/63 MP: 11/23
 10402 | D:9      | Found a staircase to the Orcish Mines.
 10417 | D:9      | Reached skill level 10 in Conjurations
 10418 | D:9      | Reached ** piety under Vehumet
 10418 | D:9      | Offered knowledge of Sandblast by Vehumet.
 11285 | D:9      | Learned a level 3 spell: Conjure Flame
 11343 | D:9      | Reached skill level 10 in Spellcasting
 11443 | D:9      | Noticed a three-headed hydra
 11455 | D:9      | Killed a three-headed hydra
 11455 | D:9      | Reached skill level 11 in Conjurations
 12052 | D:9      | Reached XP level 11. HP: 48/68 MP: 23/25
 12222 | D:10     | Entered Level 10 of the Dungeon
 12572 | D:10     | Noticed a deep elf mage
 12582 | D:10     | Killed a deep elf mage
 12685 | D:10     | Offered knowledge of Static Discharge by Vehumet.
 13310 | D:11     | Noticed Nergalle
 13319 | D:11     | Killed Nergalle
 13439 | D:11     | Found a frozen archway.
 13439 | D:11     | Noticed a white ugly thing
 13441 | D:11     | Reached *** piety under Vehumet
 13446 | D:11     | Killed a white ugly thing
 13446 | D:11     | Reached skill level 12 in Conjurations
 13489 | IceCv    | Entered an ice cave
 13550 | IceCv    | Offered knowledge of Mephitic Cloud by Vehumet.
 13555 | IceCv    | Learned a level 3 spell: Mephitic Cloud
 14274 | IceCv    | Reached XP level 12. HP: 73/74 MP: 11/27
 14717 | IceCv    | Reached **** piety under Vehumet
 15096 | IceCv    | Noticed a death yak
 15096 | IceCv    | Noticed a white draconian
 15109 | IceCv    | Killed a death yak
 15119 | IceCv    | Killed a white draconian
 15128 | IceCv    | Offered knowledge of Ignite Poison by Vehumet.
 15637 | D:11     | Learned a level 3 spell: Ignite Poison
 15649 | D:11     | Noticed a tengu warrior
 15649 | D:11     | Noticed a tengu warrior
 15656 | D:11     | Killed a tengu warrior
 15656 | D:11     | Killed a tengu warrior
 16053 | D:11     | Reached skill level 13 in Conjurations
 16337 | D:12     | Found a shimmering altar of Xom.
 16557 | D:12     | Mangled by a very large slime creature

Levels and vault maps discovered:
D:1:      psy_arrival_radial01, layout_basic
D:2:      layout_rooms, tgw_kikubaaqudgha, uniq_sigmund
D:3:      layout_basic, gammafunk_temple_overflow_forgotten, lemuel_flame_loot_1
D:4:      minmay_skewed_foursquare, layout_gridville,
          nicolae_qazlal_style_of_elements
D:5:      layout_gridville, nicolae_overflow_crystal_walls, first_ration,
          minivault_1, chequers_serial_rivers_room_a
D:6:      layout_basic, lemuel_coloured_pillars_altar, minmay_temple_entry_trees
D:7:      layout_loops_ring, grunt_temple_overflow_open, serial_bayou_ford_a
D:8:      layout_layer_cave, okawaru_gym_becter, lair_entry_dummy
D:9:      layout_basic, grunt_gozag_statues,
          kennysheep_orc_monster_closet_entryway, hangedman_ranch
          [blue_anna_fruit_fields]
D:10:     layout_rooms
D:11:     layout_loops_corners, portal_ice_cave_entry_ice_beasts, uniq_nergalle
D:12:     layout_irregular_city, xom_teletrap_fun
Temple:   eino_wide_crystal_templ

Skill      XL: |  1  2  3  4  5  6  7  8  9 10 11 12 |
---------------+-------------------------------------+-----
Fire Magic     | 3 4 5 8 9 |  9.7
Conjurations   | 2 3 4 5 7 9 11 12 13 | 13.1
Spellcasting   | 3 4 5 7 9 10 11 12 | 12.2
Dodging        | |  1.7
Stealth        | |  1.7

Action                   |  1- 3 |  4- 6 |  7- 9 | 10-12 || total
-------------------------+-------+-------+-------+-------++-------
Melee: Dagger            |    21 |    53 |       |       ||    74
       Headbutt          |     1 |     6 |     5 |     6 ||    18
       Trident           |       |       |    53 |    61 ||   114
       Unarmed           |       |       |       |     8 ||     8
 Cast: Flame Tongue      |    64 |    93 |   227 |   385 ||   769
       Sticky Flame      |       |     5 |    11 |    31 ||    47
       Fireball          |       |       |     6 |    49 ||    55
       Conjure Flame     |       |       |       |    25 ||    25
Evoke: Wand              |       |       |     1 |       ||     1
  Use: Scroll            |       |       |     1 |    12 ||    13
 Stab: Sleeping          |       |     1 |     2 |       ||     3
       Confused          |       |       |       |     1 ||     1
  Eat: Chunk             |     4 |     7 |    19 |    31 ||    61
       Ration            |       |       |     1 |       ||     1
Armor: Robe              |     8 |    19 |    13 |    44 ||    84
       Animal skin       |       |       |       |     2 ||     2
Dodge: Dodged            |    33 |    69 |    92 |   140 ||   334

Table legend:
 A = Non-vault XP
 B = Vault XP
 C = Vault XP percentage of total XP
 D = Non-vault monster count
 E = Vault monster count
 F = Vault count percentage of total count
                 A         B        C        D         E       F
            +---------+---------+-------+---------+---------+-------
      Total |   14489 |   17690 |  55.0 |     258 |      89 |  25.6
            +---------+---------+-------+---------+---------+-------
        D:1 |      42 |       0 |   0.0 |      24 |       0 |   0.0
        D:2 |      83 |     238 |  74.1 |      28 |       1 |   3.4
        D:3 |      95 |       0 |   0.0 |      29 |       0 |   0.0
        D:4 |     424 |     157 |  27.0 |      23 |       2 |   8.0
        D:5 |     413 |       0 |   0.0 |      10 |       0 |   0.0
        D:6 |    1244 |       0 |   0.0 |      24 |       0 |   0.0
        D:7 |    1338 |       0 |   0.0 |      18 |       0 |   0.0
        D:8 |     583 |     242 |  29.3 |      17 |       2 |  10.5
        D:9 |    2439 |    3713 |  60.4 |      24 |      26 |  52.0
       D:10 |    1746 |       0 |   0.0 |      12 |       0 |   0.0
       D:11 |    5551 |    1834 |  24.8 |      38 |       9 |  19.1
       D:12 |     531 |       0 |   0.0 |      11 |       0 |   0.0
      IceCv |       0 |   11506 | 100.0 |       0 |      49 | 100.0
            +---------+---------+-------+---------+---------+-------
